 Dungeon Crawl Stone Soup version 0.28-a0-991-g956f0ee3d5 (webtiles) character file.

Game seed: 16773992397931256768

10877 oldriver the Thaumaturge (level 11, -1/82 HPs)
             Began as a Yellow Draconian Conjurer on Dec 4, 2021.
             Was a Priest of Vehumet.
             Shot with a bolt by an orc warrior (16 damage)
             ... in a bailey.
             The game lasted 00:23:51 (16603 turns).

oldriver the Thaumaturge (DrCj)                    Turns: 16603, Time: 00:23:51

Health: -1/82      AC:  8    Str: 11    XL:     11   Next: 41%
Magic:  23/27      EV: 12    Int: 22    God:    Vehumet [***...]
Gold:   374        SH:  0    Dex:  9    Spells: 10/35 levels left

rFire   . . .      SeeInvis .   i - +3 quarterstaff (chaos)
rCold   . . .      Faith    .   (shield currently unavailable)
rNeg    + . .      Spirit   .   (armour unavailable)
rPois   +          Reflect  .   t - +1 hat
rElec   .          Harm     .   y - scarf {shadows}
rCorr   +          Rampage  .   (no gloves)
Will    .....                   (no boots)
Stlth   ++........              (no amulet)
HPRegen 0.23/turn               o - ring of positive energy
MPRegen 0.20/turn               p - ring of poison resistance

@: no status effects
A: spit acid, AC +7, unfitting armour, cold-blooded, acid resistance
a: Breathe Acid, Renounce Religion


You were in a bailey.
You worshipped Vehumet.
Vehumet was most pleased with you.
You visited 2 branches of the dungeon, and saw 12 of its levels.
You also visited: Bailey.

You collected 597 gold pieces.
You spent 223 gold pieces at shops.

Inventory:

Hand Weapons
 i - a +3 quarterstaff of chaos (weapon)
Missiles
 g - 2 throwing nets
Armour
 f - a +2 cloak
 t - a +1 hat (worn)
 w - a scarf of harm
 y - a scarf of shadows (worn)
Jewellery
 n - a ring of fire
 o - a ring of positive energy (left hand)
 p - a ring of poison resistance (right hand)
 u - a +4 ring of evasion
 A - an amulet of guardian spirit
Wands
 d - a wand of digging (6)
 r - a wand of mindburst (7)
 x - a wand of charming (1)
Scrolls
 a - a scroll of enchant weapon
 b - 6 scrolls of teleportation
 j - 3 scrolls of enchant armour
 C - a scroll of identify
Potions
 c - 3 potions of curing
 e - 2 potions of might
 h - a potion of berserk rage
 k - a potion of lignification {unknown}
 l - 2 potions of invisibility
 m - a potion of cancellation
 q - 3 potions of heal wounds {unknown}
 s - a potion of resistance
 v - a potion of ambrosia {unknown}
 z - a potion of magic {unknown}


   Skills:
 + Level 3.4 Fighting
 - Level 2.4 Short Blades
 + Level 1.0 Staves
 + Level 4.4 Dodging
 + Level 3.7 Stealth
 * Level 12.6 Spellcasting
 + Level 8.4 Conjurations
 + Level 3.2 Hexes
 + Level 3.3 Translocations
 * Level 1.8 Fire Magic
 + Level 0.1 Air Magic
 * Level 2.1 Poison Magic


You had 10 spell levels left.
You knew the following spells:

 Your Spells              Type           Power      Damage    Failure   Level
a - Magic Dart            Conj           100%       1d8       1%          1
b - Searing Ray           Conj           100%       2d8       1%          2
c - Iskenderun's Mystic   Conj/Tloc      39%        2d9       1%          4
d - Fulminant Prism       Conj/Hex       19%        3d11      1%          4
e - Mephitic Cloud        Conj/Pois/Air  29%        N/A       1%          3
f - Ignite Poison         Fire/Tmut/Pois 19%        N/A       2%          3
g - Conjure Flame         Conj/Fire      36%        6-21      1%          3
h - Swiftness             Air            14%        N/A       13%         3
i - Passwall              Tmut/Erth      10%        N/A       7%          2

Your spell library contained the following spells:

 Spells                   Type           Power      Damage    Failure   Level
 Foxfire                  Conj/Fire      100%       2x1d9     1%          1
 Freeze                   Ice            52%        1d7       1%          1
 Slow                     Hex            100%       N/A       1%          1
 Dazzling Flash           Conj/Hex       78%        N/A       1%          3
 Inner Flame              Hex/Fire       25%        N/A       1%          3
 Flame Wave               Conj/Fire      36%        2d7       1%          4
 Sticky Flame             Conj/Fire      36%        2d6       1%          4
 Hailstorm                Conj/Ice       32%        3d8       2%          4
 Confusing Touch          Hex            28%        N/A       3%          3
 Summon Small Mammal      Summ           52%        N/A       4%          1
 Frozen Ramparts          Ice            26%        1d4       4%          3
 Corpse Rot               Necr/Air       28%        N/A       7%          2
 Summon Guardian Golem    Hex/Summ       20%        N/A       7%          3
 Call Canine Familiar     Summ           13%        N/A       14%         3
 Yara's Violent Unravell  Hex/Tmut       10%        3d6       17%         5
 Dispel Undead            Necr           13%        3d9       41%         4
 Death Channel            Necr           6%         N/A       100%        6


Dungeon Overview and Level Annotations

Branches:
Dungeon (11/15)            Temple (1/1) D:4            Lair (0/6) D:11
    Orc (0/2) D:9          Bailey (1/1)

Altars:
Ashenzari
Cheibriados
Dithmenos
Elyvilon
Fedhas
Gozag
Hepliaklqana
Kikubaaqudgha
Makhleb
Nemelex Xobeh
Okawaru
Qazlal
Ru
Sif Muna
Trog
Uskayaw
Vehumet
Wu Jian
Xom
Yredelemnul
Zin
The Shining One

Shops:
D:5 ?*:   D:7 (   D:8 (

Annotations:
D:6 2 transporters
D:9 1 runed translucent door, axecop's ghost, novice DsAK


Innate Abilities, Weirdness & Mutations

You can spit globs of acid.
Your golden yellow scales are hard. (AC +7)
You cannot fit into any form of body armour.
You are cold-blooded and may be slowed by cold attacks.
You are resistant to acid. (rCorr)


Message History

Vehumet accepts your kill.
You hear a shout! x2
You start resting.
Magic restored.
You start resting.
An orc comes into view. It is wielding a +0 arbalest.
An orc warrior comes into view. It is wielding a +0 arbalest.
The orc warrior shoots a bolt.
The bolt completely misses you.
The orc warrior shoots a bolt.
The bolt barely misses you.
The orc warrior shoots a bolt.
The bolt hits you.
You hear a shout!
An orc comes into view. It is wielding a +0 arbalest.
The orc warrior shoots a bolt.
The bolt barely misses you.
Casting: Fulminant Prism (mildly dangerous; 1% risk of failure)
Confirm with . or Enter, or press ? or * to list all spells.
Aiming: Searing Ray (safe; 1% risk of failure)
Press: ? - help, Shift-Dir - straight line, f - orc warrior
Aim: an orc warrior, wielding a +0 arbalest, wearing a +0 scale mail and quivering bolts (79% to hit)
The searing ray hits the orc warrior.
The orc warrior is lightly wounded. (Press . to maintain the ray.)
The orc shoots a bolt.
The bolt misses you.
The orc warrior shoots a bolt.
The bolt barely misses you.
You hear a shout!
The searing ray hits the orc warrior!
The orc warrior is heavily wounded.
The orc shoots a bolt.
The bolt closely misses you.
The orc warrior shoots a bolt.
The bolt barely misses you.
The searing ray misses the orc warrior.
The orc shoots a bolt.
The bolt barely misses you.
The orc warrior shoots a bolt.
The bolt hits you!
* * * LOW HITPOINT WARNING * * *
You hear a shout!
Unknown command.
The searing ray hits the orc warrior.
The orc warrior is severely wounded.
You finish channelling your searing ray.
The orc shoots a bolt.
The bolt hits you!
* * * LOW HITPOINT WARNING * * *
You feel better.
The orc warrior shoots a bolt.
The bolt hits you!
You die...

≈≈......#
≈≈......#
#≈......#
o≈......#
#≈......#
≈≈....).#
≈≈......#
≈≈......#
≈≈...o)@#
≈≈......#
≈≈......#
≈......#
≈......#
≈......#
≈.o....#
≈......#
≈......#


You could see an orc warrior and an orc.

Vanquished Creatures
  A two-headed ogre (D:9)
  Pikel (D:5)
  A cyclops (D:11)
  3 trolls
  Prince Ribbit (D:9)
  2 shadows
  A wyvern (D:9)
  7 yaks (D:9)
  2 wraiths
  Grum (D:9)
  A basilisk (D:10)
  A steam dragon (D:7)
  2 wargs
  3 acid dragons
  3 black bears
  2 ice beasts (D:9)
  10 orc warriors
  2 necrophages
  4 ogres
  2 centaurs
  5 wolves (D:9)
  A lemure (D:5)
  2 kobold brigands
  6 bullfrogs
  A gnoll sergeant (D:7)
  2 scorpions
  A wyvern zombie (D:7)
  A water moccasin zombie (D:6)
  A water moccasin skeleton (D:4)
  10 killer bees
  10 wights
  2 electric eels (D:9)
  3 howler monkeys (D:8)
  4 centaur zombies
  Crazy Yiuf (D:6)
  A bullfrog skeleton (D:7)
  2 hounds
  3 centaur skeletons
  5 orc priests (D:11)
  2 gnoll shamans
  3 iguanas
  11 orc wizards
  Ijyb (D:4)
  A statue (D:5)
  2 killer bee zombies
  A howler monkey skeleton (D:7)
  9 gnolls
  4 adders
  2 shadow imps (D:7)
  2 white imps (D:9)
  2 dart slugs
  25 orcs
  6 ball pythons
  6 endoplasms
  4 giant cockroaches
  8 goblins
  9 hobgoblins
  4 jackals (D:1)
  2 quokkas
  5 bats
  4 frilled lizards
  9 kobolds
  5 rats
238 creatures vanquished.

Vanquished Creatures (others)
  3 fulminant prisms
3 creatures vanquished.

Grand Total: 241 creatures vanquished

Notes
Turn   | Place    | Note
-------+----------+-------------------------------------------
     0 | D:1      | oldriver the Draconian Conjurer began the quest for the
                  | Orb.
     0 | D:1      | Reached XP level 1. HP: 14/14 MP: 3/3
   314 | D:1      | Reached XP level 2. HP: 16/20 MP: 0/5
   774 | D:1      | Reached skill level 3 in Spellcasting
   890 | D:1      | Found a faded altar of an unknown god.
  1402 | D:1      | Reached XP level 3. HP: 26/26 MP: 4/7
  1967 | D:2      | Learned a level 2 spell: Searing Ray
  2787 | D:3      | Reached XP level 4. HP: 33/33 MP: 6/9
  2937 | D:3      | Reached skill level 1 in Short Blades
  3084 | D:3      | Noticed a black bear
  3108 | D:2      | Killed a black bear
  3109 | D:2      | Reached skill level 4 in Spellcasting
  3109 | D:2      | Reached XP level 5. HP: 20/39 MP: 1/12
  3616 | D:3      | Noticed an ogre
  3622 | D:3      | Killed an ogre
  3623 | D:3      | Reached skill level 1 in Fighting
  3623 | D:3      | Reached skill level 5 in Spellcasting
  3926 | D:4      | Reached XP level 6. HP: 47/47 MP: 2/14
  4294 | D:4      | Reached skill level 6 in Spellcasting
  4757 | D:4      | Found a staircase to the Ecumenical Temple.
  4765 | Temple   | Entered the Ecumenical Temple
  5005 | D:4      | Your scales start taking on a golden yellow colour.
  5005 | D:4      | Reached XP level 7. HP: 52/52 MP: 7/16
  5005 | D:4      | Gained mutation: You are resistant to acid. (rCorr) [Yellow
                  | Draconian growth]
  5074 | D:4      | Noticed Ijyb
  5091 | D:4      | Killed Ijyb
  5590 | D:5      | Entered Level 5 of the Dungeon
  5657 | D:5      | Found a shimmering altar of Xom.
  5766 | D:5      | Reached skill level 7 in Spellcasting
  6219 | D:5      | Found Lyhuoruk's Book Emporium.
  6219 | D:5      | Found Inyt's Weapon Emporium.
  6223 | D:5      | Found Neyt's Magic Scroll Emporium.
  6277 | D:5      | Found Fuwuqir's Assorted Antiques.
  6287 | D:5      | Bought a scroll of teleportation for 33 gold pieces
  6287 | D:5      | Bought a scroll of teleportation for 33 gold pieces
  6291 | D:5      | Bought an inky potion for 17 gold pieces
  6313 | D:5      | Bought a book of Burglary for 140 gold pieces
  6318 | D:5      | Learned a level 4 spell: Iskenderun's Mystic Blast
  6323 | D:5      | Learned a level 4 spell: Fulminant Prism
  6327 | D:5      | Learned a level 3 spell: Swiftness
  6330 | D:5      | Learned a level 2 spell: Passwall
  6339 | D:5      | Found a radiant altar of Vehumet.
  6353 | D:5      | Became a worshipper of Vehumet
  6765 | D:5      | Found a shimmering blue altar of Sif Muna.
  6858 | D:5      | Noticed Pikel
  6872 | D:5      | Killed Pikel
  6873 | D:5      | Reached skill level 8 in Spellcasting
  6873 | D:5      | Reached skill level 5 in Conjurations
  6873 | D:5      | Reached XP level 8. HP: 56/60 MP: 1/20
  7265 | D:5      | Found a sparkling altar of Nemelex Xobeh.
  7265 | D:5      | Found a snail-covered altar of Cheibriados.
  7543 | D:6      | Reached skill level 9 in Spellcasting
  7668 | D:6      | Learned a level 3 spell: Conjure Flame
  7869 | D:6      | Found a transporter.
  7895 | D:6      | Found a runed translucent door.
  7896 | D:6      | Noticed Crazy Yiuf
  8010 | D:6      | Found a transporter.
  8271 | D:6      | Killed Crazy Yiuf
  8487 | D:7      | Found Ymuib's Antique Weapon Shoppe.
  8695 | D:7      | Reached * piety under Vehumet
  8695 | D:7      | Offered knowledge of Sandblast by Vehumet.
  8702 | D:7      | Reached XP level 9. HP: 44/67 MP: 12/22
  9585 | D:7      | Reached skill level 10 in Spellcasting
 10355 | D:8      | Found Bait's Antique Weapon Boutique.
 10553 | D:8      | Found a glowing golden altar of the Shining One.
 11034 | D:8      | Reached ** piety under Vehumet
 11166 | D:8      | Offered knowledge of Static Discharge by Vehumet.
 11167 | D:8      | Reached skill level 1 in Translocations
 11168 | D:8      | Reached XP level 10. HP: 74/74 MP: 17/24
 11533 | D:9      | Noticed Prince Ribbit
 11546 | D:9      | Killed Prince Ribbit
 11547 | D:9      | Reached skill level 11 in Spellcasting
 12074 | D:9      | Reached skill level 1 in Hexes
 13386 | D:9      | Found a runed translucent door.
 13387 | D:9      | Noticed axecop's ghost (novice DsAK)
 13462 | D:9      | Noticed a two-headed ogre
 13474 | D:9      | Killed a two-headed ogre
 13475 | D:9      | Reached skill level 12 in Spellcasting
 13733 | D:9      | Noticed Grum
 13794 | D:9      | Reached skill level 1 in Staves
 14189 | D:9      | Reached XP level 11. HP: 48/82 MP: 19/27
 14199 | D:9      | Killed Grum
 14421 | D:9      | Found a staircase to the Orcish Mines.
 14588 | D:9      | Offered knowledge of Mephitic Cloud by Vehumet.
 14595 | D:9      | Learned a level 3 spell: Mephitic Cloud
 14599 | D:9      | Learned a level 3 spell: Ignite Poison
 14807 | D:10     | Entered Level 10 of the Dungeon
 15214 | D:10     | Reached skill level 1 in Poison Magic
 15847 | D:11     | Reached *** piety under Vehumet
 15862 | D:11     | Reached skill level 1 in Fire Magic
 16039 | D:11     | Found a staircase to the Lair.
 16259 | D:11     | Found a flagged portal.
 16266 | Bailey   | Entered a bailey
 16603 | Bailey   | Shot with a bolt by an orc warrior

Illustrated notes

Levels and vault maps discovered:
D:1:      mrwooster_arrival_statue, layout_loops_ring,
          shapermc_ecumenical_altar_notcrosses
D:2:      layout_rooms, kennysheep_generic_room_5
D:3:      layout_basic
D:4:      layout_basic, minmay_temple_entry_wispy, kennysheep_potato, uniq_ijyb
D:5:      layout_loops_ring, vehumet_statue, nicolae_overflow_hidden_temple,
          minmay_shop_grid_forest, uniq_pikel
D:6:      gammafunk_cloud_chamber, layout_loops_corners, uniq_crazy_yiuf_cottage
D:7:      minmay_recursive_quarters, layout_rooms, serial_shops, shop,
          corexii_checkpoint_a, hangedman_abyss_or_decor_slice
D:8:      layout_basic, mainiacjoe_overflow_concentric_impassable, serial_shops,
          nicolae_shop_hallway_stairs
D:9:      layout_loops_corners, david_orc_3, serial_ice, serial_ice_j,
          serial_ice_b, serial_ice_d, serial_ice_m,
          ebering_ghost_reflecting_pool, item_on_display_a, uniq_prince_ribbit1,
          uniq_grum
D:10:     layout_cave_pools
D:11:     layout_gridville, erik_lair_orcish_takeover, enter_bailey_2,
          okawaru_altar_gauntlet_db
Temple:   eino_temple_rhombus
Bailey:   bailey_polearm_2, bailey

Skill      XL: |  1  2  3  4  5  6  7  8  9 10 11 |
---------------+----------------------------------+-----
Spellcasting   | 3 4 5 6 8 9 10 12 | 12.6
Short Blades   | 1 2 |  2.4
Fighting       | 1 2 3 |  3.4
Dodging        | 2 3 4 |  4.4
Stealth        | 2 3 |  3.7
Conjurations   | 5 7 8 |  8.4
Translocations | 1 2 3 |  3.3
Hexes          | 3 |  3.2
Staves         | 1 |  1.0
Poison Magic   | 2 |  2.1
Fire Magic     | 1 |  1.8
Air Magic      | |  0.1

Action                   |  1- 3 |  4- 6 |  7- 9 | 10-12 || total
-------------------------+-------+-------+-------+-------++-------
Melee: Dagger            |    63 |     6 |    17 |       ||    86
       Tailslap          |     3 |     1 |     1 |     2 ||     7
       Quarterstaff      |       |       |     6 |    12 ||    18
 Cast: Magic Dart        |    87 |    70 |   148 |   114 ||   419
       Searing Ray       |       |     7 |    75 |    82 ||   164
       Iskenderun's Myst |       |       |     1 |    19 ||    20
       Mephitic Cloud    |       |       |       |     4 ||     4
       Fulminant Prism   |       |       |       |     3 ||     3
 Abil: Breathe Acid      |       |       |     3 |       ||     3
  Use: Potion            |     1 |       |       |     1 ||     2
       Scroll            |       |       |    12 |     2 ||    14
Armor: Skin              |    24 |    21 |    54 |    58 ||   157
Dodge: Dodged            |    57 |    21 |    74 |   124 ||   276

Table legend: (Time is in decaauts)
 A = Elapsed time spent in this place.
 B = Non-inter-level travel time spent in this place.
 C = Inter-level travel time spent in this place.
 D = Time resting spent in this place.
 E = Time spent auto-exploring this place.
 F = Levels seen in this place.
 G = Mean time per level.
                   A        B        C        D        E       F      G
               +--------+--------+--------+--------+--------+-----+--------+
         Total |  16637 |  16298 |    339 |   5708 |   8363 |  13 | 1279.8 |
       Dungeon |  16116 |  15793 |    323 |   5455 |   8176 |  11 | 1465.1 |
        Temple |    184 |    168 |     16 |      0 |    157 |   1 |  184.0 |
        Bailey |    336 |    336 |      0 |    253 |     30 |   1 |  336.0 |
               +--------+--------+--------+--------+--------+-----+--------+

Top non-repeatable levels by time:
     D:9: 3366 daAuts
     D:7: 1728 daAuts
     D:4: 1606 daAuts
     D:6: 1554 daAuts
     D:1: 1499 daAuts
     D:5: 1481 daAuts
     D:8: 1340 daAuts
     D:3: 1236 daAuts
     D:2: 1063 daAuts
    D:10: 925 daAuts
  Bailey: 336 daAuts
    D:11: 316 daAuts
  Temple: 184 daAuts
